 Dungeon Crawl Stone Soup version 0.22-a0-166-g5351223 (webtiles) character file.

244 Borgoz the Skirmisher (level 5, 0/47 HPs)
             Began as a Minotaur Abyssal Knight on Feb 13, 2018.
             Was a Believer of Lugonu.
             Slain by an orc
             ... wielding a +0 club
              (2 damage)
             ... on level 4 of the Dungeon.
             The game lasted 00:04:01 (2782 turns).

Borgoz the Skirmisher (Minotaur Abyssal Knight)     Turns: 2782, Time: 00:04:01

Health: 0/47       AC:  3    Str: 16 (18) XL:     5   Next: 83%
Magic:  15/15      EV: 12    Int:  6 (7)  God:    Lugonu [**....]
Gold:   202        SH:  0    Dex:  8 (9)  Spells: 4/4 levels left

rFire    . . .     SeeInvis .   a - +1 hand axe
rCold    . . .     Gourm    .   (no shield)
rNeg     . . .     Faith    .   b - +0 leather armour
rPois    .         Spirit   .   (helmet restricted)
rElec    .         Reflect  .   (no cloak)
rCorr    .         Harm     .   (no gloves)
MR       .....                  (no boots)
Stlth    +.........             (no amulet)
HPRegen  0.15/turn              e - -2 ring of intelligence (curse)
MPRegen  0.14/turn              o - ring of magical power

@: no status effects
A: retaliatory headbutt, horns 2
a: Depart the Abyss, Bend Space, Renounce Religion


You were on level 4 of the Dungeon.
You worshipped Lugonu.
Lugonu was pleased with you.
You were not hungry.

You visited 1 branch of the dungeon, and saw 5 of its levels.
You visited the Abyss 1 time.

You collected 202 gold pieces.

Inventory:

Hand Weapons
 a - a +1 hand axe (weapon)
Armour
 b - a +0 leather armour (worn)
Jewellery
 e - a cursed -2 ring of intelligence (left hand)
 o - a ring of magical power (right hand)
 p - an uncursed ring of protection from fire {unknown}
Scrolls
 d - a scroll of blinking {unknown}
 g - 2 scrolls of remove curse {unknown}
 h - a scroll of enchant armour {unknown}
 i - a scroll of teleportation {unknown}
 j - 2 scrolls of immolation {unknown}
 k - a scroll of noise {unknown}
 m - a scroll of fog {unknown}
 q - a scroll of magic mapping {unknown}
Potions
 f - a potion of magic {unknown}
 l - a potion of lignification {unknown}
 n - a potion of mutation {unknown}
Comestibles
 c - 5 rations


   Skills:
 + Level 4.8 Fighting
 + Level 3.9 Axes
 + Level 4.0 Armour
 + Level 2.8 Dodging
 + Level 3.0 Invocations


You had 4 spell levels left.
You didn't know any spells.

Dungeon Overview and Level Annotations

Branches:
Dungeon (5/15)
 Temple: D:4-7

Altars:
Ashenzari
Cheibriados
Fedhas
Gozag
Kikubaaqudgha
Nemelex Xobeh
Uskayaw


Innate Abilities, Weirdness & Mutations

You reflexively headbutt those who attack you in melee.
You have a pair of horns on your head.


Message History

You barely miss the orc. You hit the orc. The orc hits you with a club.
* * * LOW HITPOINT WARNING * * *
The orc hits you but does no damage.
You hit the orc but do no damage.
The orc is heavily wounded.
You completely miss the orc. The orc hits you with a club.
* * * LOW HITPOINT WARNING * * *
The orc hits you with a club.
* * * LOW HITPOINT WARNING * * *
Unknown command.
It was a potion of degeneration.
There was something very wrong with that liquid.
You feel weakened.
You feel dopey.
You feel clumsy. The orc hits you with a club.
* * * LOW HITPOINT WARNING * * *
The orc barely misses you.
You barely miss the orc. Your headbutt misses the orc.
The orc is heavily wounded.
You hit the orc but do no damage. The orc hits you with a club.
You die...

###.....................
...................###.
#....(...........## #.
#..............## #.
##.....##.....## #..
###.########## #.... #.#
#.### #(# #.... #@# #..
#oo# #.. #w## ##. .. ..
... $.. . ..## .. .. ...
. .. .... .# ..


You could see a dart slug and 2 orcs.

Vanquished Creatures
  A howler monkey (D:4)
  2 worker ants (D:4)
  6 adders
  A howler monkey skeleton (D:4)
  An ooze (D:1)
  2 worms (D:3)
  3 dart slugs (D:1)
  A leopard gecko (D:3)
  6 orcs
  3 giant cockroaches (D:2)
  6 hobgoblins
  11 jackals
  7 kobolds
  8 bats
  6 frilled lizards
  6 goblins
  3 rats (D:1)
73 creatures vanquished.

Notes
Turn   | Place    | Note
-------+----------+-------------------------------------------
     0 | Abyss:1  | Borgoz the Minotaur Abyssal Knight began the quest for the Orb.
     0 | Abyss:1  | Reached XP level 1. HP: 19/19 MP: 1/1
    69 | Abyss:1  | Noticed a large abomination
    70 | Abyss:1  | Noticed a freezing wraith
    71 | D:1      | Escaped the Abyss
   164 | D:1      | Reached XP level 2. HP: 19/27 MP: 2/2
   309 | D:1      | Reached * piety under Lugonu
   522 | D:1      | Reached XP level 3. HP: 33/33 MP: 3/3
   864 | D:2      | Reached XP level 4. HP: 29/40 MP: 4/4
  1154 | D:2      | Found a snail-covered altar of Cheibriados.
  1154 | D:2      | Found a hide-covered altar of Uskayaw.
  1879 | D:3      | Reached ** piety under Lugonu
  1898 | D:3      | Found an ancient bone altar of Kikubaaqudgha.
  1898 | D:3      | Found an opulent altar of Gozag.
  1899 | D:3      | Found a blossoming altar of Fedhas.
  2353 | D:3      | Found a sparkling altar of Nemelex Xobeh.
  2452 | D:4      | Found a shattered altar of Ashenzari.
  2453 | D:4      | Noticed a phantom
  2459 | D:4      | Reached XP level 5. HP: 43/47 MP: 6/6
  2519 | D:5      | Entered Level 5 of the Dungeon
  2781 | D:4      | HP: 1/47 [orc/club (3)]
  2782 | D:4      | Slain by an orc

Vault maps used:
D:1:      minmay_arrival_wavy_path
D:2:      grunt_temple_overflow_open, hangedman_decor_clover_reticule
D:3:      nicolae_overflow_crystal_walls, gammafunk_temple_overflow_claw,
          first_ration
D:4:      evilmike_ruin_ashenzari, serial_shops, shop_statue
D:5:      minmay_temple_entry_statues_pillars

Skill      XL: |  1  2  3  4  5 |
---------------+----------------+-----
Invocations    | 2 3 |  3.0
Armour         | 3 4 |  4.0
Fighting       | 4 |  4.8
Axes           | 3 |  3.9
Dodging        | 2 |  2.8

Action                   |  1- 3 |  4- 6 || total
-------------------------+-------+-------++-------
Melee: Hand axe          |    71 |   127 ||   198
       Headbutt          |     9 |    19 ||    28
Invok: Depart the Abyss  |     1 |       ||     1
  Use: Potion            |       |     2 ||     2
  Eat: Chunk             |       |     6 ||     6
Armor: Leather armour    |    25 |    28 ||    53
Dodge: Dodged            |    55 |    67 ||   122

Table legend:
 A = Spawn XP
 B = Non-spawn XP
 C = Spawn XP percentage of total XP
 D = Spawn monster count
 E = Non-spawn monster count
 F = Spawn count percentage of total count
 G = Total turns spent on level
                    A         B        C        D         E        F      G
               +---------+---------+-------+---------+---------+-------+---------
         Total |       0 |     349 |   0.0 |       0 |      73 |   0.0 |  2782
               +---------+---------+-------+---------+---------+-------+---------
           D:1 |       0 |      46 |   0.0 |       0 |      21 |   0.0 |   608
           D:2 |       0 |      88 |   0.0 |       0 |      24 |   0.0 |   933
           D:3 |       0 |      54 |   0.0 |       0 |      19 |   0.0 |   798
           D:4 |       0 |     161 |   0.0 |       0 |       9 |   0.0 |   157
               +---------+---------+-------+---------+---------+-------+---------
